 Dungeon Crawl Stone Soup version 0.29.1-15-g9cfb28693d (webtiles) character file.

Game seed: 17463746541687783849

32 H0rd4k the Charlatan (level 3, -1/24 HPs)
             Began as an Octopode Artificer on Mar 17, 2023.
             Slain by a gnoll
             ... wielding a +0 halberd
              (11 damage)
             ... on level 2 of the Dungeon.
             The game lasted 00:01:00 (1369 turns).

H0rd4k the Charlatan (Octopode Artificer)           Turns: 1369, Time: 00:01:00

Health: -1/24      AC:  1    Str: 11    XL:     3   Next: 25%
Magic:  5/5        EV: 13    Int: 15    God:
Gold:   133        SH:  0    Dex: 12    Spells: 5/5 levels left

rFire   . . .      SeeInvis .   (no weapon)
rCold   . . .      Faith    .   (no shield)
rNeg    . . .      Spirit   .   (helmet restricted)
rPois   .          Reflect  .   (no amulet)
rElec   .          Harm     .   (no ring)
rCorr   .          Rampage  .   (no ring)
Will    .....                   (no ring)
Stlth   +++.......              (no ring)
HPRegen 0.08/turn               (no ring)
MPRegen 0.09/turn               (no ring)
                                (no ring)
                                (no ring)

@: no status effects
A: almost no armour, amphibious, 8 rings, camouflage 1, gelatinous body 1,
(nimble swimmer 1), tentacles
a: no special abilities


You were on level 2 of the Dungeon.
You visited 1 branch of the dungeon, and saw 2 of its levels.

You collected 133 gold pieces.

Inventory:

Missiles
 i - 2 poisoned darts
Wands
 b - a wand of flame (15) (quivered)
 c - a wand of charming (14)
 d - a wand of iceblast (5)
Scrolls
 a - 3 scrolls of identify {unknown}
 e - a scroll of acquirement {unknown}
 f - a scroll of butterflies {unknown}
 g - 2 scrolls of enchant armour {unknown}
 h - 2 scrolls of fear {unknown}
 j - 2 scrolls of teleportation {unknown}
 l - a scroll of magic mapping {unknown}
Potions
 k - a potion of brilliance {unknown}


   Skills:
 * Level 2.0 Fighting
 - Level 2.3 Dodging
 - Level 1.3 Stealth
 + Level 0.7 Unarmed Combat
 * Level 1.6 Spellcasting
 - Level 3.2 Evocations


You had 5 spell levels left.
You didn't know any spells.
Your spell library contained the following spells:

 Spells                   Type           Power      Damage    Failure   Level
 Foxfire                  Conj/Fire      4%         2x1d4     24%         1
 Conjure Flame            Conj/Fire      1%         6-21      56%         3
 Inner Flame              Hex/Fire       1%         N/A       56%         3
 Animate Dead             Necr           1%         N/A       93%         4
 Flame Wave               Conj/Fire      1%         2d4       93%         4
 Haunt                    Necr/Summ      0%         N/A       100%        7
 Infestation              Necr           0%         N/A       100%        8


Dungeon Overview and Level Annotations

Branches:
Dungeon (2/15)

Altars:


Innate Abilities, Weirdness & Mutations

You cannot wear most types of armour.
You are amphibious.
You can wear up to eight rings at the same time.
Your skin changes colour to match your surroundings (Stealth+).
Your rubbery body absorbs attacks. (AC +1, EV +1)
((You are camouflaged when in or above water. (Stealth+)))
You have tentacles for arms and can constrict up to eight enemies at once.


Message History

You closely miss the goblin. Your grab misses the goblin.
Your tentacle-slap misses the goblin.
The bat hits you. The goblin hits you with a +0 club.
The bat closely misses you.
There are monsters nearby!
You barely miss the goblin. You grab the goblin. You squeeze the goblin.
You kill the goblin!
The bat hits you.
Found a scroll labelled GOOSIR PYUMPIMP.
The bat closely misses you.
Things that are here:
a +0 dagger; a +0 sling The bat barely misses you.
You miss the bat. You grab the bat. You constrict the bat.
The bat barely misses you.
The bat struggles to escape constriction.
The bat escapes!
A bat is nearby!
Found a plate armour.
The bat misses you. The bat closely misses you.
A bat is nearby!
You miss the bat. You grab the bat.
The bat is moderately wounded.
You constrict the bat.
You kill the bat!
You now have 133 gold pieces (gained 18).
a - 3 scrolls labelled GOOSIR PYUMPIMP (gained 1)
l - a scroll labelled EBRIFU DAMUCK No target in view! 2 gnolls come into view.
The gnoll shouts! x2; You hear a shout!
A gnoll comes into view. It is wielding a +0 spear.
There are monsters nearby!
There are monsters nearby!
The gnoll hits you from afar with a +0 halberd!
There are monsters nearby!
You tentacle-slap the gnoll but do no damage.
You grab the gnoll.
You constrict the gnoll, but do no damage.
The gnoll hits you with a +0 whip.
The gnoll hits you from afar with a +0 halberd!
You die...

###..##.#####.####.....#
#.......# #.# ###...#
....##### #.# #...#
....# #.# #...# #...#
### ##### ....# ..######
#......###############..
######..........@gg....#
#######..###.g.....
........## ##....#
######### ####


You could see 3 gnolls.

Vanquished Creatures
  3 endoplasms (D:1)
  2 giant cockroaches
  3 hobgoblins (D:1)
  2 quokkas
  4 ball pythons
  5 bats
  6 goblins
  A kobold (D:1)
  2 rats (D:1)
28 creatures vanquished.

Vanquished Creatures (others)
  2 fungi (D:1)
  4 plants (D:1)
6 creatures vanquished.

Grand Total: 34 creatures vanquished

Notes
Turn   | Place    | Note
-------+----------+-------------------------------------------
     0 | D:1      | H0rd4k the Octopode Artificer began the quest for the Orb.
     0 | D:1      | Reached XP level 1. HP: 13/13 MP: 1/1
   138 | D:1      | Reached skill level 1 in Spellcasting
   138 | D:1      | Reached XP level 2. HP: 18/18 MP: 3/3
   937 | D:1      | Found a faded altar of an unknown god.
  1025 | D:2      | Reached XP level 3. HP: 24/24 MP: 5/5
  1369 | D:2      | Slain by a gnoll

Illustrated notes

Levels and vault maps discovered:
D:1:      nzn_arrival_water_spiral, layout_rooms,
          shapermc_ecumenical_altar_petra, columned_hall_lemuel
D:2:      layout_rooms, serial_rivers, chequers_serial_rivers_micro_e,
          chequers_serial_rivers_large_a, chequers_serial_rivers_room_a,
          chequers_serial_rivers_micro_b

Skill      XL: |  1  2  3 |
---------------+----------+-----
Spellcasting   | 1 |  1.6
Fighting       | 2 |  2.0
Dodging        | |  2.3
Stealth        | |  1.3
Unarmed Combat | |  0.7
Evocations     | |  3.2

Action                   || total
-------------------------++-------
Melee: Unarmed           ||    66
       Constrict         ||    21
       Tentacles         ||    17
       Punch             ||     2
Evoke: Wand              ||     1
 Stab: Sleeping          ||     6
Armor: Skin              ||     6
Dodge: Dodged            ||    61
